 Dungeon Crawl Stone Soup version 0.24.0-123-gd5b16e6ec5 (webtiles) character file.

Game seed: 10311411473338926723, levelgen mode: deterministic

58 vurker the Bolt Thrower (level 4, -1/27 HPs)
             Began as a Kobold Hunter on Feb 6, 2020.
             Slain by a worm (9 damage)
             ... on level 2 of the Dungeon.
             The game lasted 00:01:56 (1390 turns).

vurker the Bolt Thrower (Kobold Hunter)             Turns: 1390, Time: 00:01:57

Health: -1/27      AC:  5    Str: 10    XL:     4   Next: 20%
Magic:  4/4        EV: 14    Int: 12    God:
Gold:   45         SH:  0    Dex: 15    Spells: 3/3 levels left

rFire    . . .     SeeInvis .   b - +0 short sword
rCold    . . .     Gourm    .   (shield restricted)
rNeg     . . .     Faith    .   c - +0 leather armour
rPois    .         Spirit   .   (no helmet)
rElec    .         Reflect  .   (no cloak)
rCorr    .         Harm     .   (no gloves)
MR       .....                  (no boots)
Stlth    ++........             (no amulet)
HPRegen  0.09/turn              i - +2 ring of protection
MPRegen  0.09/turn              (no ring)

@: no status effects
A: small, carnivore
a: no special abilities


You were on level 2 of the Dungeon.
You were very full.

You visited 1 branch of the dungeon, and saw 2 of its levels.

You collected 45 gold pieces.

Inventory:

Hand Weapons
 a - a +1 hand crossbow
 b - a +0 short sword (weapon)
Missiles
 d - 9 bolts
Armour
 c - a +0 leather armour (worn)
Jewellery
 i - a +2 ring of protection (left hand)
   (You found it on level 1 of the Dungeon)
Scrolls
 h - a scroll of remove curse {unknown}
 l - a scroll of immolation {unknown}
Potions
 f - a potion of curing {unknown}
 g - a potion of flight {unknown}
 j - a potion of lignification {unknown}
 k - a potion of cancellation {unknown}
Comestibles
 e - 4 rations


   Skills:
 + Level 2.8 Fighting
 * Level 2.7 Short Blades
 * Level 5.6 Crossbows
 - Level 2.4 Dodging
 - Level 1.3 Stealth


You had 3 spell levels left.
You didn't know any spells.
Your spell library was empty.

Dungeon Overview and Level Annotations

Branches:
Dungeon (2/15)

Altars:


Innate Abilities, Weirdness & Mutations

You are small and have problems with some larger weapons.
You are carnivorous and can eat meat at any time.


Message History

Aim: a giant cockroach (resting)
You shoot a bolt. The bolt hits the giant cockroach.
Firing (i - inventory)
d - 7 bolts (quivered)
Aim: a giant cockroach (almost dead)
You shoot a bolt.
The bolt hits the giant cockroach but does no damage.
Firing (i - inventory)
d - 6 bolts (quivered)
Aim: a giant cockroach (severely wounded)
You shoot a bolt.
The bolt hits the giant cockroach but does no damage.
Firing (i - inventory)
d - 5 bolts (quivered)
Aim: a giant cockroach (severely wounded)
You shoot a bolt. The bolt hits the giant cockroach!
You kill the giant cockroach!
e - 4 rations (gained 1)
k - a metallic silvery potion
d - 5 bolts (gained 1)
d - 6 bolts (gained 1)
d - 7 bolts (gained 1)
d - 8 bolts (gained 1)
d - 9 bolts (gained 1)
Found 17 stones.
b - a +0 short sword (weapon)
A goblin comes into view. It is wielding a +0 dagger.
A goblin is nearby!
The goblin shouts!
Found 7 gold pieces.
The goblin hits you but does no damage.
You closely miss the goblin. The goblin hits you with a +0 dagger.
You hit the goblin. The goblin barely misses you.
A worm comes into view.
You hit the goblin.
You kill the goblin!
You see here a +0 dagger.
The worm bites you.
You hit the worm. You hit the worm. The worm bites you.
You barely miss the worm. You hit the worm. The worm closely misses you.
You hit the worm but do no damage. The worm barely misses you.
You hit the worm. You barely miss the worm. The worm bites you.
* * * LOW HITPOINT WARNING * * *
You hit the worm. You completely miss the worm. The worm misses you.
You hit the worm. You hit the worm but do no damage. The worm bites you.
* * * LOW HITPOINT WARNING * * *
You hit the worm but do no damage. The worm bites you!
You die...

#.$...# #.....#
#.....### #......
#.(..... #......
#......# #...... #
.....# #...... ####.
#..######......
#.....####......##......
#.....w@)..####.##......
#.....###### #.##.....<
#.... #.##...... #...
#.#######. #..
#.##...... #. #.##......
# #.##...... #.##......
#.........


You could see a worm.

Vanquished Creatures
  2 gnolls
  3 dart slugs (D:1)
  A leopard gecko (D:2)
  A ball python (D:1)
  2 giant cockroaches (D:2)
  3 goblins
  A hobgoblin (D:1)
  6 bats (D:1)
  2 frilled lizards (D:1)
  5 kobolds
  7 rats
33 creatures vanquished.

Notes
Turn   | Place    | Note
-------+----------+-------------------------------------------
     0 | D:1      | vurker the Kobold Hunter began the quest for the Orb.
     0 | D:1      | Reached XP level 1. HP: 12/12 MP: 1/1
    51 | D:1      | Reached skill level 1 in Short Blades
    51 | D:1      | Reached skill level 5 in Crossbows
    51 | D:1      | Reached XP level 2. HP: 12/18 MP: 2/2
   370 | D:1      | Reached XP level 3. HP: 22/22 MP: 3/3
  1066 | D:1      | Reached XP level 4. HP: 5/27 MP: 4/4
  1390 | D:2      | Slain by a worm

Levels and vault maps discovered:
D:1:      dpeg_arrival_connections, layout_rooms
D:2:      layout_basic

Skill      XL: |  1  2  3 |
---------------+----------+-----
Short Blades   | 1 2 |  2.7
Crossbows      | 5 |  5.6
Fighting       | |  2.8
Dodging        | |  2.4
Stealth        | |  1.3

Action                   |  1- 3 |  4- 6 || total
-------------------------+-------+-------++-------
Melee: Short sword       |   108 |    15 ||   123
 Fire: Hand crossbow     |    13 |     6 ||    19
 Stab: Sleeping          |     3 |       ||     3
  Eat: Chunk             |     9 |       ||     9
Armor: Leather armour    |    20 |     1 ||    21
Dodge: Dodged            |   100 |     4 ||   104
